[Event "Late-Titled-Tuesday-Blitz-August-29-2023"]
[Site "Chess.com"]
[Date "2023.08.29"]
[Round "2"]
[White "DanielDardha2005"]
[Black "FedaMaster"]
[Result "0-1"]
[WhiteElo "2934"]
[BlackElo "2685"]
[TimeControl "180+1"]
[EndTime "14:17:58 PDT"]
[Termination "FedaMaster won by checkmate"]

1. e4 d5 2. exd5 Qxd5 3. Nc3 Qd6 4. d4 Nf6 5. Nf3 Bg4 6. Be2 Nc6 7. Nb5 Qd8 8. c4 e6 9. Be3 Bb4+ 10. Nc3 Ne4 11. Qc2 Nxc3 12. bxc3 Bxf3 13. Bxf3 Nxd4 14.
Bxd4 Qxd4 15. Qa4+ c6 16. Qxb4 Qe5+ 17. Kf1 O-O-O 18.
Rb1 Rd7 19. g3 Rhd8 20. Kg2 Qc7 21. c5 f5 22. Rhd1 e5 23. Be2 e4 24. Bc4 Rxd1 25.
Be6+ Kb8 26. Rb2 R1d2 27. Rxd2 Rxd2 28. Kf1 Qe5 29. Bc4 e3 30. Ba6 Rxf2+ 31. Kg1 Qe7 32. Bf1 e2 33. Kxf2 e1=Q+ 34. Kg1 Q7e3+ 35. Kg2 Q1f2+ 36. Kh3 Qxf1+ 37. Kh4 Qe4+ 38. g4 Qxb4 39. h3 Qff4 40. a4 g5+ 41. Kh5 fxg4 42. a5 Qf7+ 43. Kh6 Qg6# 0-1

[Event "Late-Titled-Tuesday-Blitz-August-29-2023"]
[Site "Chess.com"]
[Date "2023.08.29"]
[Round "2"]
[White "rachidhuilda"]
[Black "S-Fazulyanov"]
[Result "0-1"]
[WhiteElo "2347"]
[BlackElo "2716"]
[TimeControl "180+1"]
[EndTime "14:17:58 PDT"]
[Termination "S-Fazulyanov won by resignation"]

1. d4 d5 2. Nf3 Nf6 3. c4 c6 4. Nc3 a6 5. c5 g6 6. h3 Bg7 7. Bf4 O-O 8. e3 Nbd7 9. Be2 Ne8 10. O-O f6 11. b4 e5 12. Bg3 e4 13. Nd2 f5 14. a4 g5 15. f4 exf3 16. Nxf3 f4 17. exf4 gxf4 18. Bh4 Nef6 19. Bd3 Qe8 20. Re1 Qh5 21. Bf2 Qh6 22. Ne5 Nxe5 23. dxe5 Nh5 24. Qf3 Be6 25. b5 axb5 26. axb5 Rxa1 27. Rxa1 Bxe5 28.
Rc1 Ng3 29. Ne2 Qg7 30. Re1 Bxh3 31. Bxg3 fxg3 32. Qe3 Bg4 33. bxc6 bxc6 34. Nxg3 Bd4 0-1

[Event "Late-Titled-Tuesday-Blitz-August-29-2023"]
[Site "Chess.com"]
[Date "2023.08.29"]
[Round "2"]
[White "GiorgianBarbosa"]
[Black "BozeKat"]
[Result "0-1"]
[WhiteElo "2420"]
[BlackElo "2093"]
[TimeControl "180+1"]
[EndTime "14:17:58 PDT"]
[Termination "BozeKat won by checkmate"]

1. d4 Nf6 2. c4 e6 3. Nc3 Bb4 4.
e3 c5 5. Ne2 d5 6. a3 Ba5 7.
dxc5 O-O 8. b4 Bc7 9. cxd5 exd5 10. Bb2 Bg4 11. h3 Bh5 12. g4 Bg6 13. Nd4 Nc6 14.
Nxc6 bxc6 15. Bg2 Re8 16. Ne2 Ne4 17. Nd4 Nxf2 18. Kxf2 Qh4+ 19. Ke2 Qg3 20. Bf3 Rxe3+ 21. Kxe3 Re8+ 22. Ne6 Rxe6+ 23. Kd2 Bf4+ 24. Kc3 Re3+ 25.
Kd4 Rxf3 26. Re1 Be3+ 27. Rxe3 Rxe3 28. b5 Qe5# 0-1

[Event "Late-Titled-Tuesday-Blitz-August-29-2023"]
[Site "Chess.com"]
[Date "2023.08.29"]
[Round "2"]
[White "GMBenjaminBok"]
[Black "ArtemDyachuk"]
[Result "1-0"]
[WhiteElo "2920"]
[BlackElo "2585"]
[TimeControl "180+1"]
[EndTime "14:17:59 PDT"]
[Termination "GMBenjaminBok won on time"]

1. d4 Nf6 2. c4 e6 3. Nc3 c5 4.
Nf3 cxd4 5. Nxd4 d5 6. e3 Be7 7. Nf3 O-O 8. cxd5 exd5 9. Be2 Nc6 10. O-O Bf5 11. b3 Rc8 12. Bb2 Bd6 13. Rc1 Bb8 14. g3 h6 15. Re1 Re8 16. Nh4 Bh7 17. Nb5 Ne4 18. Bg4 a6 19. Bxc8 Qxc8 20. Nd4 Ng5 21. Nxc6 bxc6 22. Qh5 Qh3 23. Qe2 Ba7 24. Qf1 Qg4 25.
Bd4 Bxd4 26. exd4 Rxe1 27. Rxe1 Be4 28. f3 Bxf3 29. Re8+ Kh7 30. Nxf3 Nxf3+ 31. Kg2 Ng5 32. Qf4 1-0

[Event "Late-Titled-Tuesday-Blitz-August-29-2023"]
[Site "Chess.com"]
[Date "2023.08.29"]
[Round "2"]
[White "promen1999"]
[Black "wgraif"]
[Result "1-0"]
[WhiteElo "2852"]
[BlackElo "2543"]
[TimeControl "180+1"]
[EndTime "14:17:59 PDT"]
[Termination "promen1999 won on time"]

1. d4 Nf6 2. g3 d5 3. Bg2 c6 4. a4 Bf5 5. a5 e6 6. c3 Bxb1 7. Rxb1 Qxa5 8. b4 Qb6 9. Nf3 Nbd7 10. Bf4 Ne4 11. Qc2 Be7 12. O-O O-O 13. c4 a6 14. Ne5 Nxe5 15. Bxe5 f5 16. c5 Qd8 17. f3 Ng5 18. Bf4 Nf7 19. Qd3 Bf6 20. e3 Qd7 21. g4 fxg4 22. Bg3 e5 23. fxg4 exd4 24. exd4 Qxg4 25.
Rf4 Qg6 26. Qd1 Rae8 27. Bh3 Ng5 28. Bf5 Qh6 29. Kg2 Ne6 30. Rg4 Nxd4 31. Bf4 g5 32. Bd3 Kh8 33. Bd2 Qg7 34. Rg3 Nb5 35. Rh3 h6 36. Qh5 Be5 37. Qxh6+ Qxh6 38. Rxh6+ Kg7 39. Rg6+ Kf7 40. Bxg5 Rg8 41. Rf1+ 1-0

[Event "Late-Titled-Tuesday-Blitz-August-29-2023"]
[Site "Chess.com"]
[Date "2023.08.29"]
[Round "2"]
[White "arenal72"]
[Black "SchmakAttack"]
[Result "0-1"]
[WhiteElo "2528"]
[BlackElo "2779"]
[TimeControl "180+1"]
[EndTime "14:17:59 PDT"]
[Termination "SchmakAttack won on time"]

1. e4 c5 2. Nc3 Nc6 3. Bb5 Nd4 4. Nf3 e6 5. O-O a6 6. Bd3 Ne7 7. Nxd4 cxd4 8. Ne2 Nc6 9. c3 Bc5 10. b4 Bb6 11. a4 O-O 12. Kh1 d5 13. exd5 Qxd5 14. c4 Qh5 15. Ba3 Ne5 16. c5 Bc7 17. Be4 f5 18.
Bb1 Ng4 19. h3 Rf6 20. Ba2 Kh8 21. Nxd4 e5 22. Nc2 f4 23. Bd5 Qh4 24. Kg1 Bf5 25. hxg4 f3 26. Qxf3 Bxg4 27. Qg3 Qh5 0-1

[Event "Late-Titled-Tuesday-Blitz-August-29-2023"]
[Site "Chess.com"]
[Date "2023.08.29"]
[Round "2"]
[White "Dhaydon19"]
[Black "Quattroporte300"]
[Result "1-0"]
[WhiteElo "2646"]
[BlackElo "2399"]
[TimeControl "180+1"]
[EndTime "14:17:59 PDT"]
[Termination "Dhaydon19 won on time"]

1. d4 Nf6 2. Nc3 d5 3. Bf4 a6 4. e3 Bf5 5. Bd3 Bxd3 6. cxd3 e6 7. g4 c5 8. dxc5 Bxc5 9. g5 Nfd7 10. d4 Be7 11. h4 Nc6 12. Nf3 b5 13. Rc1 Rc8 14. h5 Nb6 15. Rg1 b4 16. Na4 Nc4 17. b3 Nd6 18. g6 hxg6 19. hxg6 f6 20. Nc5 a5 21.
Nxe6 Qd7 22. Nc5 Qf5 23. Qd3 Qxd3 24. Nxd3 Kd7 25. Nc5+ Ke8 26. Ne6 Rg8 27. Ke2 Ne4 28. Nc7+ Rxc7 29. Bxc7 Nc3+ 30. Kd3 Kd7 31. Bg3 Rc8 32.
Nh4 Na7 33. Nf5 Bf8 34. Rc2 Nab5 35. Rgc1 Ra8 36. f3 a4 37. e4 axb3 38. axb3 Ra3 39. Rb2 dxe4+ 40. fxe4 Ra8 41. Be1 Re8 42. Bxc3 Nxc3 43.
Rxc3 bxc3 44. Rc2 Rb8 45. Rxc3 Rb5 46. d5 Ra5 47. Nd4 Ra1 48. Ne6 Bb4 49. Rc7+ Kd6 50. Rc6+ Kd7 51. Nxg7 Rg1 52. Ne6 Rxg6 53. Rb6 Bd6 54.
Rb7+ 1-0

[Event "Late-Titled-Tuesday-Blitz-August-29-2023"]
[Site "Chess.com"]
[Date "2023.08.29"]
[Round "2"]
[White "GMMikhailKazakov"]
[Black "ahkashefi2800"]
[Result "0-1"]
[WhiteElo "2384"]
[BlackElo "2562"]
[TimeControl "180+1"]
[EndTime "14:17:59 PDT"]
[Termination "ahkashefi2800 won on time"]

1. e4 c6 2. d4 d5 3. exd5 cxd5 4.
c4 Nf6 5. Nc3 e6 6. Nf3 Bb4 7. cxd5 Nxd5 8. Qc2 Nc6 9. Bd2 O-O 10.
Bd3 Nf6 11. Be3 b6 12. O-O Bb7 13. Rad1 Be7 14. Qe2 Rc8 15. Bb1 Nb4 16. Ne5 Nbd5 17. Bd2 Qc7 18. Qd3 Rfd8 19. Qh3 Bf8 20. Bg5 h6 21.
Nxd5 Rxd5 22. Bxf6 gxf6 23. Qd3 Bg7 24. Qh7+ Kf8 25.
Nf3 Rh5 26. Be4 Bxe4 27. Qxe4 Qc2 28. Qxc2 Rxc2 29. Rc1 Rxb2 30. Rc8+ Ke7 31. Rc7+ Kf8 32. Rfc1 Kg8 33. Rxa7 Ra5 34. Rxa5 bxa5 35. g3 f5 36. Rc8+ Kh7 37. Rc7 Kg6 38. h4 Rxa2 39. h5+ Kxh5 40.
Rxf7 Kg6 41. Re7 Ra3 42. Kg2 Kf6 43. Ra7 Ra4 44. d5 exd5 45. Ra6+ Kf7 46. Ra7+ Kg8 47. Nh4 f4 48. Nf5 Bf8 0-1

[Event "Late-Titled-Tuesday-Blitz-August-29-2023"]
[Site "Chess.com"]
[Date "2023.08.29"]
[Round "2"]
[White "NMJeevanK"]
[Black "EsmeraldasAnderson03"]
[Result "1-0"]
[WhiteElo "2525"]
[BlackElo "2369"]
[TimeControl "180+1"]
[EndTime "14:17:59 PDT"]
[Termination "NMJeevanK won by checkmate"]

1. e4 c5 2. Nf3 d6 3. b3 Nf6 4.
Qe2 e6 5. Bb2 d5 6. exd5 Nxd5 7.
Nc3 Nc6 8. Nxd5 Qxd5 9. g3 b6 10.
Bg2 Bb7 11. O-O-O Nd4 12. Nxd4 Qxg2 13. Qb5+ Kd8 14. Ne2 Qc6 15. Qd3+ Qd7 16. Qxd7+ Kxd7 17. Rhe1 Kc7 18. Be5+ Bd6 19. Bxg7 Rhg8 20. Bc3 Bf3 21. d4 cxd4 22. Rxd4 Rad8 23. Nf4 e5 24. Rc4+ Kb7 25. Bxe5 Rge8 26. Nd3 Ba3+ 27. Kd2 Bf8 28. Rc7+ Ka6 29. Rxf7 Bb4+ 30. c3 Bh5 31. Rf4 Bg6 32. Rd4 Bf5 33. Nxb4+ Kb7 34. Rxd8 Rxd8+ 35. Bd4 a5 36. Nd3 Bg6 37.
Re7+ Kc6 38. Re6+ Kd5 39. Nf4# 1-0

[Event "Late-Titled-Tuesday-Blitz-August-29-2023"]
[Site "Chess.com"]
[Date "2023.08.29"]
[Round "2"]
[White "DenizSeyhanoglu1"]
[Black "Jaka_Brilej"]
[Result "0-1"]
[WhiteElo "2308"]
[BlackElo "2497"]
[TimeControl "180+1"]
[EndTime "14:18:03 PDT"]
[Termination "Jaka_Brilej won by resignation"]

1. e4 e6 2. d4 d5 3. Nd2 c5 4.
exd5 Qxd5 5. Ngf3 cxd4 6. Bc4 Qd6 7. O-O Nf6 8. Nb3 Nc6 9. Nbxd4 Nxd4 10. Qxd4 Qxd4 11.
Nxd4 a6 12. Re1 Bc5 13. Nb3 Ba7 14. Be2 O-O 15. Bf3 Rb8 16. Bf4 Ra8 17. Na5 Nd5 18. Bd2 Bb6 19. c4 Bxa5 20. Bxa5 Nf6 21. Rad1 Re8 22.
Bc7 Bd7 23. b3 Bc6 24. Bxc6 bxc6 25. Be5 Red8 26. Bxf6 gxf6 27. f3 a5 28. Kf2 a4 29.
Rxd8+ Rxd8 30. Ke3 Rb8 31. Rb1 c5 32. Kd3 f5 33.
Kc3 axb3 34. axb3 Kg7 35. b4 cxb4+ 36. Rxb4 Ra8 37. c5 Kf6 38. f4 h5 39. c6 Rc8 40. Rc4 Ke7 41. Kb4 Kd6 42. Kb5 Rb8+ 43. Ka6 Kc7 44. Rc3 Rb2 45. Rg3 Kxc6 46. Ka5 Kd5 47.
Rg7 Ke4 48. g3 Rxh2 49. Rxf7 Rg2 50. Rf6 Kd5 51. Rh6 Rxg3 52. Rxh5 Rg4 0-1

[Event "Late-Titled-Tuesday-Blitz-August-29-2023"]
[Site "Chess.com"]
[Date "2023.08.29"]
[Round "2"]
[White "biostatistician"]
[Black "dretch"]
[Result "0-1"]
[WhiteElo "2573"]
[BlackElo "2908"]
[TimeControl "180+1"]
[EndTime "14:18:04 PDT"]
[Termination "dretch won on time"]

1. d4 d5 2. Nf3 Nf6 3. c4 c6 4. cxd5 cxd5 5. Nc3 Nc6 6. Bf4 Nh5 7. Bd2 e6 8. e3 Bd6 9. Bd3 f5 10. Ne5 g6 11. Nxc6 bxc6 12. Na4 O-O 13. Rc1 f4 14. Rxc6 fxe3 15. Bxe3 Bb4+ 16. Kf1 Bd7 17. Rc1 Qh4 18. Kg1 Bxa4 19. Qxa4 Bd2 20. Rf1 Bxe3 21. fxe3 Rxf1+ 22. Bxf1 Rf8 23. Qc2 Qe1 24.
Qe2 Qb1 25. g3 Nf6 26. Qa6 Ng4 27. Qxe6+ Kh8 28. Kg2 Qc2+ 29. Kh3 Nf2+ 30. Kh4 Nxh1 31. Qe5+ Kg8 32. Qe6+ Kg7 33. Qe5+ Rf6 34. Qe7+ Rf7 35. Qe5+ Kf8 36. Qh8+ Ke7 37. Qe5+ Kd8 38. Qd6+ Rd7 0-1

[Event "Late-Titled-Tuesday-Blitz-August-29-2023"]
[Site "Chess.com"]
[Date "2023.08.29"]
[Round "2"]
[White "CarlosjPineror"]
[Black "CheckThis4"]
[Result "0-1"]
[WhiteElo "2397"]
[BlackElo "2632"]
[TimeControl "180+1"]
[EndTime "14:18:04 PDT"]
[Termination "CheckThis4 won on time"]

1. e4 c5 2. Nf3 d5 3. exd5 Nf6 4. Bb5+ Nbd7 5. O-O a6 6. Be2 Nxd5 7. d4 e6 8. c4 N5f6 9. Nc3 cxd4 10. Nxd4 Bc5 11. Nb3 Be7 12. Bf4 O-O 13. Bf3 e5 14. Bg3 Qc7 15. Rc1 Rd8 16. Qe2 Bd6 17. Rfd1 Nc5 18. Nd5 Nxd5 19. cxd5 b6 20. Nd2 Qe7 21. Nc4 f6 22.
Nxb6 Rb8 23. Nc4 a5 24. Nxd6 Qxd6 25. Qc4 Nd7 26. b3 Ba6 27. Qc6 Rb6 28. Qxd6 Rxd6 29. Be4 g6 30. Bf3 Bb7 31. Rc6 Bxc6 32. dxc6 Rxd1+ 33. Bxd1 Nb8 0-1

[Event "Late-Titled-Tuesday-Blitz-August-29-2023"]
[Site "Chess.com"]
[Date "2023.08.29"]
[Round "2"]
[White "misterlamine"]
[Black "only_strong_moves"]
[Result "0-1"]
[WhiteElo "2369"]
[BlackElo "2525"]
[TimeControl "180+1"]
[EndTime "14:18:05 PDT"]
[Termination "only_strong_moves won by resignation"]

1. d4 Nf6 2. c4 e6 3. Nf3 d5 4.
Nc3 c5 5. cxd5 cxd4 6. Qxd4 exd5 7.
Bg5 Be7 8. e3 O-O 9. Be2 Nc6 10.
Qd1 h6 11. Bf4 Be6 12. O-O Qb6 13. Na4 Qa5 14. a3 Ne4 15. b4 Qd8 16. b5 Na5 17. Nd4 Bd7 18. Bd3 Rc8 19. Bxe4 dxe4 20. Qb1 a6 21. Qxe4 axb5 22. Nb2 Re8 23. Qf3 Bf6 24. Rfd1 Qb6 25. Nd3 Bxd4 26. exd4 Nb3 27. Nc5 Nxa1 28. Nxd7 Qe6 29. Ne5 Nc2 30. Qxb7 f6 31.
Nf3 Nxd4 32. Be3 Nxf3+ 33. Qxf3 Rc3 34. Qb7 Rxe3 0-1

[Event "Late-Titled-Tuesday-Blitz-August-29-2023"]
[Site "Chess.com"]
[Date "2023.08.29"]
[Round "2"]
[White "zeitnot2006"]
[Black "Dontmesswithme_2"]
[Result "1-0"]
[WhiteElo "2750"]
[BlackElo "2487"]
[TimeControl "180+1"]
[EndTime "14:18:07 PDT"]
[Termination "zeitnot2006 won on time"]

1. e4 c5 2. b3 g6 3. Bb2 Nf6 4. g3 d6 5. Bg2 Bg7 6. d3 O-O 7. Ne2 Nc6 8. O-O e5 9. Nd2 Ne8 10. f4 f5 11. h3 Be6 12. Kh2 Qd7 13. fxe5 dxe5 14. Nf3 h6 15. Nc3 Nc7 16. Qd2 f4 17. gxf4 exf4 18. Na4 Bxb2 19. Nxb2 g5 20. Nc4 Kh7 21.
Nce5 Nxe5 22. Nxe5 Qg7 23. Nf3 g4 24. hxg4 Qxg4 25.
Qf2 Rg8 26. Rg1 Rg7 27. Qh4 Rag8 28. Qxg4 Bxg4 29. Ne5 Bc8 30. Bf3 Rxg1 31. Rxg1 Rxg1 32. Kxg1 Be6 33. Kf2 Kg7 34. c3 Nb5 35. c4 Nd4 36.
Bd1 Kf6 37. Ng4+ Bxg4 38. Bxg4 b6 39. Bd1 Kg5 40. Kg2 h5 41. Kh2 Kh4 42. Kg2 Kg5 43.
Kh2 Nc6 44. Kg2 Ne5 45. Be2 h4 46. a3 a5 47. a4 f3+ 48. Bxf3 h3+ 49. Kg3 1-0

[Event "Late-Titled-Tuesday-Blitz-August-29-2023"]
[Site "Chess.com"]
[Date "2023.08.29"]
[Round "2"]
[White "Berant"]
[Black "WindWhistler11"]
[Result "1-0"]
[WhiteElo "2325"]
[BlackElo "2470"]
[TimeControl "180+1"]
[EndTime "14:18:08 PDT"]
[Termination "Berant won by resignation"]

1. e4 e6 2. d4 d5 3. Nd2 Nc6 4. Ngf3 Nf6 5. e5 Nd7 6. c3 f6 7. exf6 Qxf6 8. Bd3 Bd6 9. O-O O-O 10. c4 Nb4 11. Bb1 c5 12. a3 Nc6 13. cxd5 exd5 14. dxc5 Nxc5 15. Nb3 Be6 16. Nxc5 Bxc5 17. Qc2 Bb6 18.
Qxh7+ Kf7 19. Ng5+ Ke7 20. Nxe6 Kxe6 21. Be3 Bxe3 22.
Qh3+ Kd6 23. Qxe3 Rae8 24. Qg3+ Kd7 25. Bg6 Re5 26. Rad1 Rg5 27. Qh3+ Kc7 28. Bc2 Nd4 29. Qc3+ Nc6 30. Ba4 Qxc3 31. bxc3 Ne5 32. f4 Rg4 33. fxe5 Rxf1+ 34. Rxf1 Rxa4 35. Rf7+ Kc6 36. Rxg7 Rxa3 37. e6 Rxc3 38. Kf2 Rc4 39. h4 Rxh4 40. g4 Rh2+ 41. Kf3 Rh1 42. g5 Rf1+ 43. Ke2 Rf5 44. e7 Re5+ 45. Kd3 a5 46. g6 a4 47. Rf7 a3 48.
g7 a2 49. Rf6+ Kd7 50. g8=Q Rxe7 51. Qxd5+ Kc7 52. Qd6+ Kc8 53. Rf8+ 1-0

[Event "Late-Titled-Tuesday-Blitz-August-29-2023"]
[Site "Chess.com"]
[Date "2023.08.29"]
[Round "2"]
[White "LastGladiator1"]
[Black "Cipy77"]
[Result "1-0"]
[WhiteElo "2889"]
[BlackElo "2564"]
[TimeControl "180+1"]
[EndTime "14:18:10 PDT"]
[Termination "LastGladiator1 won by resignation"]

1. Nf3 d5 2. g3 Nf6 3. Bg2 Bg4 4. O-O Nbd7 5. c4 c6 6. Qc2 e6 7. d4 Bd6 8. Nc3 O-O 9. e4 dxe4 10. Nxe4 Bf5 11.
Nxf6+ Nxf6 12. Qe2 Re8 13. h3 h6 14. Bd2 Qe7 15. a3 a5 16. b4 axb4 17. c5 Bc7 18. axb4 Nd5 19. b5 cxb5 20. Qxb5 b6 21. c6 Qf6 22.
Rfe1 h5 23. Rxa8 Rxa8 24. Bg5 Qg6 25. Bd2 Bd3 26. Qb3 b5 27. Nh4 Bc4 28. Qxc4 bxc4 29.
Nxg6 fxg6 30. Rxe6 c3 31. Bg5 Ra5 32. Be4 Nf6 33.
Bxf6 gxf6 34. Rxf6 Rg5 35. Kg2 h4 36. g4 Kg7 37. Re6 Ra5 38. Rxg6+ Kf7 39. Rh6 Ra2 40.
Rh7+ Ke6 41. Rxc7 c2 42. d5+ Kd6 43. Rd7+ Ke5 44. Re7+ Kd4 45. Bxc2 Rxc2 46. d6 Rxc6 47. Re1 Rxd6 48. Rd1+ Ke5 49. Rxd6 Kxd6 1-0

[Event "Late-Titled-Tuesday-Blitz-August-29-2023"]
[Site "Chess.com"]
[Date "2023.08.29"]
[Round "2"]
[White "NowInChess"]
[Black "Lennis93"]
[Result "0-1"]
[WhiteElo "2276"]
[BlackElo "2696"]
[TimeControl "180+1"]
[EndTime "14:18:10 PDT"]
[Termination "Lennis93 won on time"]

1. e4 Nf6 2. e5 Nd5 3. c4 Nb6 4. d4 d6 5. exd6 cxd6 6. Nc3 g6 7. Be3 Bg7 8. Rc1 O-O 9. b3 Nc6 10. d5 Ne5 11. Be2 f5 12. f4 Ng4 13. Bd4 Bh6 14.
Qd2 e5 15. dxe6 Bxe6 16. Nf3 d5 17. c5 Nc8 18. O-O Ne7 19. h3 Nf6 20. Bxf6 Rxf6 21.
Nd4 Bf7 22. Bf3 Nc6 23. Rfd1 Qc7 24. g3 Rd8 25. Ncb5 Qb8 26. Nd6 Bg7 27. Nxf7 Rxf7 28. Nb5 d4 29. Nd6 Rxd6 30. cxd6 Qxd6 31. Qd3 g5 32.
fxg5 Qxg3+ 33. Bg2 Qxg5 34. Qc4 f4 35. Kh1 Kf8 36.
Bd5 Re7 37. Rg1 Qh4 38. Qd3 Re3 39. Qf5+ Bf6 40. Qc8+ Bd8 0-1

[Event "Late-Titled-Tuesday-Blitz-August-29-2023"]
[Site "Chess.com"]
[Date "2023.08.29"]
[Round "2"]
[White "GM_shahin"]
[Black "Jahonas"]
[Result "1-0"]
[WhiteElo "2709"]
[BlackElo "2434"]
[TimeControl "180+1"]
[EndTime "14:18:10 PDT"]
[Termination "GM_shahin won by resignation"]

1. e4 c6 2. c4 e5 3. Nf3 Qc7 4. Nc3 Bc5 5. d4 exd4 6. Nxd4 d6 7. g3 Ne7 8. Bg2 Nd7 9. O-O O-O 10. Nb3 a5 11. Bf4 Rd8 12. Na4 b6 13. h4 Ng6 14.
Bg5 f6 15. Bd2 Nde5 16. h5 Nf8 17. Nbxc5 dxc5 18. Qc2 Be6 19. b3 Rd7 20. h6 g6 21.
Bc3 Rad8 22. Rad1 Bg4 23. Rxd7 Rxd7 24. f4 Nd3 25. Bxf6 Nb4 26. Qb2 Rd3 27. Be5 Qd8 28. Bd6 Rd4 29. e5 Ne6 30. a3 Nd3 31. Qb1 Rxd6 32.
exd6 Qxd6 33. Qa1 Be2 34. Bh3 Nd4 35. Nxb6 Bxf1 36. Qxf1 Qd8 37. Nd7 Nb2 38. Qb1 Nf5 39. Bxf5 gxf5 40. Qxf5 Qe7 41. Nf6+ Kh8 42. Qc8+ 1-0

[Event "Late-Titled-Tuesday-Blitz-August-29-2023"]
[Site "Chess.com"]
[Date "2023.08.29"]
[Round "2"]
[White "alturas_pacificas"]
[Black "PepeCuenca"]
[Result "0-1"]
[WhiteElo "2417"]
[BlackElo "2734"]
[TimeControl "180+1"]
[EndTime "14:18:13 PDT"]
[Termination "PepeCuenca won by resignation"]

1. d4 d5 2. Bf4 Nf6 3. e3 c5 4. c3 Nc6 5. Nd2 e6 6. Ngf3 Bd6 7. Bg3 O-O 8. Bd3 b6 9. Qe2 Bb7 10. Rd1 Re8 11. e4 Be7 12. e5 Nh5 13.
a3 a5 14. h4 Nxg3 15. fxg3 h6 16. g4 f6 17. Bg6 Rf8 18. Qe3 fxe5 19. dxe5 d4 20. Qe4 Qd5 21. c4 Qxe4+ 22. Nxe4 Rxf3 23.
gxf3 Nxe5 24. h5 Nxf3+ 25. Ke2 Ne5 26. Nd2 Bxh1 27. Rxh1 Nxg6 28. hxg6 Rf8 29. Rf1 Rf6 30. Rxf6 gxf6 31. Ne4 Kg7 32. b3 Kxg6 33. Kf3 f5 34. gxf5+ exf5 35. Ng3 Bd6 36. Ne2 Kg5 37. b4 cxb4 38.
axb4 Bxb4 39. Nxd4 Bc5 40. Ne6+ Kf6 41. Nf4 a4 42. Nd5+ Ke5 43. Ke2 h5 44. Kd3 h4 45. Kc2 h3 0-1

[Event "Late-Titled-Tuesday-Blitz-August-29-2023"]
[Site "Chess.com"]
[Date "2023.08.29"]
[Round "2"]
[White "Genghis_K"]
[Black "WPWPWP-2015"]
[Result "0-1"]
[WhiteElo "2867"]
[BlackElo "2575"]
[TimeControl "180+1"]
[EndTime "14:18:14 PDT"]
[Termination "WPWPWP-2015 won on time"]

1. d4 d5 2. c4 c6 3. Nf3 Nf6 4. Nc3 e6 5. Bg5 h6 6. Bxf6 Qxf6 7. Qb3 Nd7 8. g3 g6 9. Bg2 Bg7 10. O-O Qe7 11. e4 dxc4 12. Qxc4 e5 13. d5 Nb6 14. Qb3 cxd5 15. exd5 O-O 16. a4 e4 17. Rfe1 f5 18. a5 Nd7 19. Nh4 Ne5 20. d6+ Qf7 21.
Qa4 Bd7 22. Qb4 Nd3 23. Qxb7 Nxe1 24. Rxe1 g5 25. Ng6 Rfb8 26. Ne7+ Qxe7 27. Qxa8 Qxd6 28. Qxa7 Rxb2 29. Rd1 Rd2 30. Qa8+ Kh7 31. Rxd2 Qxd2 32.
a6 Bxc3 33. Qb7 Bg7 34. a7 Qc1+ 35. Bf1 Bc6 36. Qc7 e3 37. f4 e2 0-1

[Event "Late-Titled-Tuesday-Blitz-August-29-2023"]
[Site "Chess.com"]
[Date "2023.08.29"]
[Round "2"]
[White "Sjakkerntobi"]
[Black "GianmarcoVaR"]
[Result "0-1"]
[WhiteElo "2442"]
[BlackElo "2743"]
[TimeControl "180+1"]
[EndTime "14:18:14 PDT"]
[Termination "GianmarcoVaR won by checkmate"]

1. e4 c5 2. Nf3 d6 3. d4 cxd4 4. Nxd4 Nf6 5. Nc3 a6 6. Rg1 h5 7. h3 Nc6 8. Be3 Nxd4 9. Bxd4 e5 10. Be3 h4 11. g4 hxg3 12. Rxg3 Be6 13. Qd2 Rc8 14.
Bg2 g6 15. Bg5 Be7 16. O-O-O Nh5 17. Bxe7 Qxe7 18. Re3 Nf4 19. Bf1 Rc6 20. Kb1 Kf8 21.
Nd5 Bxd5 22. exd5 Rc7 23. Qb4 Kg7 24. c4 Rc5 25. Qc3 a5 26. a3 Rhc8 27. b4 Nxd5 28. Rxd5 Rxd5 29. Bg2 axb4 30. axb4 Rd1+ 31. Kb2 Rg1 32.
Bd5 Qh4 33. Rf3 f6 34. Be6 Ra8 35. Bd5 Raa1 36. Qe3 Rgb1+ 37. Kc2 Rc1+ 38. Kb2 Rab1+ 39. Ka2 Ra1+ 40. Kb2 Rcb1+ 41. Kc2 Rxb4 42. Qc3 Ra2+ 43. Kc1 Rbb2 44. Qe3 Re2 45. Qb6 Re1# 0-1

[Event "Late-Titled-Tuesday-Blitz-August-29-2023"]
[Site "Chess.com"]
[Date "2023.08.29"]
[Round "2"]
[White "JosephRyan"]
[Black "MFatigue"]
[Result "0-1"]
[WhiteElo "2342"]
[BlackElo "2511"]
[TimeControl "180+1"]
[EndTime "14:18:14 PDT"]
[Termination "MFatigue won by resignation"]

1. e4 e6 2. d4 d5 3. Nc3 Nf6 4. Bg5 Be7 5. e5 Nfd7 6. Bxe7 Qxe7 7. f4 a6 8. Nf3 c5 9. dxc5 Nc6 10. Qd2 Qxc5 11.
O-O-O b5 12. Kb1 Nb6 13. Nd4 b4 14. Nxc6 bxc3 15. Qxc3 Qxc3 16. bxc3 Bd7 17. Nd4 Ke7 18. Kc1 Rhc8 19. Kd2 Na4 20. Ne2 Bb5 21. Rb1 Ra7 22.
Rb3 Rac7 23. h4 Nc5 24. Rb1 Ne4+ 25. Kc1 Bxe2 26. Bxe2 Rxc3 27. Rb7+ Kf8 28. Rb2 a5 29. Bf3 Nf2 30. Rf1 Nd3+ 31. Kb1 Nxb2 32. Kxb2 Rxc2+ 33. Kb3 a4+ 34. Kxa4 Rb2 35. Ka3 Rb6 36. Bd1 Ra8+ 37. Ba4 Rba6 38. Rc1 Rxa4+ 39. Kb3 Rxa2 40. Rc7 g6 41. g4 R2a3+ 42. Kb4 R3a4+ 43. Kc5 Rxf4 44. Kd6 Ra6+ 45. Kd7 Kg7 46. g5 d4 47. Ke8 d3 48. h5 gxh5 49. Rxf7+ Rxf7 0-1

[Event "Late-Titled-Tuesday-Blitz-August-29-2023"]
[Site "Chess.com"]
[Date "2023.08.29"]
[Round "2"]
[White "MelihKaanCan"]
[Black "GMG"]
[Result "0-1"]
[WhiteElo "2457"]
[BlackElo "2747"]
[TimeControl "180+1"]
[EndTime "14:18:15 PDT"]
[Termination "GMG won on time"]

1. Nf3 d5 2. g3 b5 3. a4 b4 4. Bg2 Bb7 5. O-O e6 6. d4 Nf6 7. Nbd2 Nbd7 8. c4 c5 9. Re1 cxd4 10.
Nxd4 Nc5 11. cxd5 Bxd5 12. e4 Bb7 13. Nc4 Nfxe4 14. Be3 Be7 15. Qg4 h5 16. Qe2 Rc8 17. Rad1 Bd5 18. Nb5 a6 19. Bxc5 Rxc5 20. Bxe4 axb5 21.
axb5 O-O 22. Qxh5 Bxe4 23. Rxd8 Rxd8 24. Qe2 Bd3 25. Qe3 Bxc4 26. b6 Rb5 27. Rc1 Bd5 28. Rd1 Rb8 29. b7 Bf8 30. h4 R5xb7 31. Qd2 Rc8 32. Rc1 Ra8 33. Rd1 Rba7 34. Kh2 Ra1 0-1

[Event "Late-Titled-Tuesday-Blitz-August-29-2023"]
[Site "Chess.com"]
[Date "2023.08.29"]
[Round "2"]
[White "slidingknight2775"]
[Black "Rinqed222"]
[Result "1-0"]
[WhiteElo "2551"]
[BlackElo "2248"]
[TimeControl "180+1"]
[EndTime "14:18:15 PDT"]
[Termination "slidingknight2775 won on time"]

1. d4 Nf6 2. c4 g6 3. Nc3 Bg7 4. Nf3 d6 5. Bg5 O-O 6. e3 c5 7. Be2 h6 8. Bh4 g5 9. Bg3 Nh5 10. Qc2 Nxg3 11. hxg3 f5 12. O-O-O Qa5 13. Kb1 Nc6 14. a3 Rb8 15. dxc5 dxc5 16. Bd3 e6 17. Rh5 a6 18. g4 b5 19. cxb5 axb5 20. gxf5 b4 21. Ne4 bxa3 22. b3 Nb4 23. f6 Nxc2 24. Bxc2 a2+ 25. Ka1 Qc3+ 26. Nxc3 Bxf6 27. Rd3 Ba6 28.
Kxa2 Bxd3 29. Bxd3 Bxc3 30. Rxh6 Ra8+ 31. Kb1 Rfb8 32.
Kc2 Bg7 33. Rg6 Kf7 34. Nxg5+ Kg8 35. Nxe6 1-0

[Event "Late-Titled-Tuesday-Blitz-August-29-2023"]
[Site "Chess.com"]
[Date "2023.08.29"]
[Round "2"]
[White "Joshukid"]
[Black "kiwibobo"]
[Result "1-0"]
[WhiteElo "2548"]
[BlackElo "2378"]
[TimeControl "180+1"]
[EndTime "14:18:15 PDT"]
[Termination "Joshukid won by resignation"]

1. Nf3 Nf6 2. c4 g6 3. b3 Bg7 4. Bb2 O-O 5. g3 d6 6. d4 e5 7. dxe5 dxe5 8. Qxd8 Rxd8 9. Nxe5 Ng4 10. Nd3 Bxb2 11.
Nxb2 Nc6 12. h3 Nb4 13. Na3 Nf6 14. Bg2 c6 15. g4 Be6 16. g5 Nh5 17. Be4 Rd4 18.
Bb1 Rad8 19. Nc2 Nxc2+ 20. Bxc2 Rd2 21. Rd1 Rxd1+ 22. Nxd1 Nf4 23. e3 Nxh3 24. f4 Kg7 25. Be4 Bf5 26. Bxf5 Rxd1+ 27. Kxd1 Nf2+ 28. Ke2 Nxh1 29. Bc8 Ng3+ 30. Kf3 Nf5 31. Bxb7 c5 32. Bc8 Nd6 33. Bh3 Kf8 34. e4 Ke7 35. e5 Nb7 36. Ke4 Na5 37. Kd5 Nb7 38. Kc6 Nd8+ 39. Kxc5 Nb7+ 40.
Kc6 Nd8+ 41. Kc7 Ne6+ 42. Bxe6 Kxe6 43. c5 1-0